 Dungeon Crawl Stone Soup version 0.29-a0-380-gf50f0a9fbc (webtiles) character file.

Game seed: 15066709016821282528

173 Antichthon the Covered (level 5, -1/33 HPs)
             Began as a Gargoyle Fighter on May 6, 2022.
             Slain by Grinder (2 damage)
             ... on level 2 of the Dungeon.
             The game lasted 00:07:05 (3731 turns).

Antichthon the Covered (Gargoyle Fighter)           Turns: 3731, Time: 00:07:05

Health: -1/33      AC: 12    Str: 19    XL:     5   Next: 53%
Magic:  6/6        EV:  9    Int: 11    God:
Gold:   180        SH:  4    Dex:  9    Spells: 4/4 levels left

rFire   + . .      SeeInvis .   a - +0 flail
rCold   . . .      Faith    .   c - +0 buckler
rNeg    + . .      Spirit   .   b - +0 scale mail
rPois   ∞          Reflect  .   (no helmet)
rElec   +          Harm     .   (no cloak)
rCorr   +          Rampage  .   f - +0 pair of gloves
Will    .....                   (no boots)
Stlth   ..........              (no amulet)
HPRegen 0.11/turn               g - ring of resist corrosion
MPRegen 0.10/turn               i - ring of protection from fire

@: mighty, brilliant
A: sickness immunity, AC +4, negative energy resistance 1, electricity
resistance, torment resistance 1, petrification resistance, mutation resistance
1, screaming 1
a: no special abilities


You were on level 2 of the Dungeon.
You visited 1 branch of the dungeon, and saw 3 of its levels.

You collected 180 gold pieces.

Inventory:

Hand Weapons
 a - a +0 flail (weapon)
Missiles
 l - 3 silver boomerangs (quivered)
Armour
 b - a +0 scale mail (worn)
 c - a +0 buckler (worn)
 f - a +0 pair of gloves (worn)
Jewellery
 g - a ring of resist corrosion (left hand)
 i - a ring of protection from fire (right hand)
 j - a ring of positive energy
 k - a ring of willpower


   Skills:
 * Level 3.9 Fighting
 * Level 3.3 Maces & Flails
 * Level 0.4 Throwing
 * Level 4.2 Armour
 * Level 1.1 Dodging
 * Level 3.8 Shields
 * Level 1.3 Invocations


You had 4 spell levels left.
You didn't know any spells.
Your spell library contained the following spells:

 Spells                   Type           Power      Damage    Failure   Level
 Ensorcelled Hibernation  Hex/Ice        0%         N/A       90%         2
 Passwall                 Tmut/Erth      0%         N/A       90%         2
 Swiftness                Air            0%         N/A       99%         3


Dungeon Overview and Level Annotations

Branches:
Dungeon (3/15)

Altars:
Hepliaklqana

Shops:
D:1 [

Annotations:
D:2 Grinder
D:3 Ijyb


Innate Abilities, Weirdness & Mutations

You are immune to sickness and miasma.
Your stone body is resilient. (AC +4)
You are immune to poison.
You resist negative energy. (rN+)
You are resistant to electric shocks. (rElec)
You are resistant to unholy torment.
You are immune to petrification.
You are somewhat resistant to further mutation.
You occasionally shout uncontrollably at your foes.


Message History

There is a stone staircase leading down, spattered with blood here.
Unknown command.
You barely miss Grinder.
Grinder is lightly wounded.
Grinder gestures at you. You resist with significant effort. Grinder hits you.
You writhe in agony.
You hit Grinder.
Grinder is lightly wounded.
You block Grinder's attack.
Unknown command.
You barely miss Grinder.
Grinder is lightly wounded.
Grinder gestures at you. Pain shoots through your body!
Unknown command.
You hit Grinder.
Grinder is moderately wounded.
Grinder hits you.
You writhe in agony.
Grinder hits you.
You writhe in agony.
Unknown command.
You feel very mighty all of a sudden.
Grinder blinks!
Unknown command.
It was a potion of brilliance.
You feel clever all of a sudden.
It was a potion of mutation.
You feel extremely strange.
You feel the urge to shout.
You feel genetically stable.
Grinder blinks!
Grinder hits you!
* * * LOW HITPOINT WARNING * * *
Things that are here:
20 gold pieces; a +0 dagger Unknown command.
You sock Grinder!
Grinder is severely wounded.
Grinder blinks!
Unknown command.
Grinder hits you.
* * * LOW HITPOINT WARNING * * *
You writhe in agony.
You die...

.# #.#########....## .#
#...............#
.#################.#
.#....# #.# .#.##.# #.#
.#.##.# #.# .#.##.# #)#
.#.##.############)#
...............5@.>##
..................$)##
......############...#
..##### #.#.## ..#
#.#..# ..#
############.##.# ###
#............##.#
#######.............#.#
.....##.............#.##


You could see Grinder.

Vanquished Creatures
  Natasha (D:2)
  3 gnolls (D:2)
  4 adders
  A worm (D:2)
  10 dart slugs
  An orc (D:2)
  3 endoplasms
  2 giant cockroaches (D:1)
  8 hobgoblins
  6 ball pythons
  2 bats
  4 frilled lizards
  10 goblins
  6 kobolds
  5 rats
  A bush (D:2)
67 creatures vanquished.

Vanquished Creatures (others)
  A plant (D:2)
  A withered plant (D:2)
2 creatures vanquished.

Grand Total: 69 creatures vanquished

Notes
Turn   | Place    | Note
-------+----------+-------------------------------------------
     0 | D:1      | Antichthon the Gargoyle Fighter began the quest for the
                  | Orb.
     0 | D:1      | Reached XP level 1. HP: 14/14 MP: 1/1
   150 | D:1      | Found Nizxoshrukh's Armour Shoppe.
   185 | D:1      | Reached XP level 2. HP: 19/19 MP: 2/2
   463 | D:1      | You fall into a shaft and drop 1 floor!
   484 | D:2      | Found a faded altar of an unknown god.
   780 | D:1      | Reached XP level 3. HP: 23/23 MP: 3/3
  1283 | D:2      | Reached XP level 4. HP: 6/29 MP: 4/4
  1734 | D:2      | Reached skill level 1 in Invocations
  1755 | D:2      | Found a hazy altar of Hepliaklqana.
  2159 | D:2      | Reached skill level 1 in Dodging
  2677 | D:3      | Reached skill level 4 in Armour
  2677 | D:3      | Reached XP level 5. HP: 28/33 MP: 5/5
  2774 | D:3      | Noticed Ijyb
  2785 | D:3      | Noticed Grinder
  2792 | D:3      | Paralysed by Grinder for 3 turns
  2906 | D:3      | Paralysed by Grinder for 3 turns
  3315 | D:3      | Noticed Natasha
  3465 | D:3      | Paralysed by Grinder for 6 turns
  3652 | D:2      | Killed Natasha
  3711 | D:3      | Paralysed by Grinder for 7 turns
  3727 | D:2      | Gained mutation: You occasionally shout uncontrollably at
                  | your foes. [potion of mutation]
  3727 | D:2      | Gained mutation: You are somewhat resistant to further
                  | mutation. [potion of mutation]
  3731 | D:2      | HP: 1/33 [Grinder (5)]
  3731 | D:2      | Slain by Grinder

Illustrated notes

Levels and vault maps discovered:
D:1:      dpeg_arrival_renting, layout_loops_cross, serial_shops, shop_statue
D:2:      layout_basic, basic_altar, serial_forest,
          infiniplex_forest_clump_long, infiniplex_forest_zigzag_1,
          infiniplex_forest_straight_3, infiniplex_forest_clump_small,
          infiniplex_forest_straight_4, ebering_ecumenical_altar_petrified
D:3:      kennysheep_slugbush, layout_basic, lemuel_tele_altar,
          minmay_strange_pillars, uniq_natasha, uniq_grinder, uniq_ijyb

Skill      XL: |  1  2  3  4 |
---------------+-------------+-----
Invocations    | 1 |  1.3
Dodging        | 1 |  1.1
Maces & Flails | 3 |  3.3
Armour         | 4 |  4.2
Fighting       | |  3.9
Throwing       | |  0.4
Shields        | |  3.8

Action                   |  1- 3 |  4- 6 || total
-------------------------+-------+-------++-------
Melee: Flail             |   107 |   218 ||   325
Throw: Boomerang         |       |     1 ||     1
  Use: Scroll            |     4 |     1 ||     5
       Potion            |       |     3 ||     3
Armor: Scale mail        |    71 |   151 ||   222
       Skin              |       |     9 ||     9
Dodge: Dodged            |    69 |   137 ||   206
Block: Buckler           |    30 |    60 ||    90

Table legend: (Time is in decaauts)
 A = Elapsed time spent in this place.
 B = Non-inter-level travel time spent in this place.
 C = Inter-level travel time spent in this place.
 D = Time resting spent in this place.
 E = Time spent auto-exploring this place.
 F = Levels seen in this place.
 G = Mean time per level.
                   A        B        C        D        E       F      G
               +--------+--------+--------+--------+--------+-----+--------+
         Total |   3856 |   3748 |    108 |   1119 |   1679 |   3 | 1285.3 |
       Dungeon |   3856 |   3748 |    108 |   1119 |   1679 |   3 | 1285.3 |
               +--------+--------+--------+--------+--------+-----+--------+

Top non-repeatable levels by time:
     D:2: 2511 daAuts
     D:1: 928 daAuts
     D:3: 417 daAuts
